 Dungeon Crawl Stone Soup version 0.28-a0-1190-g77e1c55843 (webtiles) character file.

Game seed: 7036023265572536233

11834 Essalna the Zephyrmancer (level 11, -12/68 HPs)
             Began as a Tengu Air Elementalist on Dec 18, 2021.
             Was a Priest of Vehumet.
             Mangled by a cane toad (16 damage)
             ... on level 10 of the Dungeon.
             The game lasted 00:26:36 (13849 turns).

Essalna the Zephyrmancer (Tengu Air Elementalist)  Turns: 13849, Time: 00:26:36

Health: -12/68     AC:  7    Str:  9    XL:     11   Next: 83%
Magic:  33/33      EV: 17    Int: 17    God:    Vehumet [***...]
Gold:   653        SH:  0    Dex: 15    Spells: 9/26 levels left

rFire   . . .      SeeInvis .   q - +0 dagger (elec)
rCold   . . .      Faith    .   (no shield)
rNeg    . . .      Spirit   .   D - +0 troll leather armour
rPois   +          Reflect  .   s - +1 hat
rElec   .          Harm     .   u - +0 cloak
rCorr   .          Rampage  .   (no gloves)
Will    .....                   (boots unavailable)
Stlth   ++........              (no amulet)
HPRegen 1.01/turn               x - ring of magical power
MPRegen 0.23/turn               A - ring of poison resistance

@: lethally poisoned (-12 -> -13), flying quickly and evasively, quick
A: beak, talons 3, nimble flight, claws 1, dopey 1
a: Renounce Religion


You were on level 10 of the Dungeon.
You worshipped Vehumet.
Vehumet was most pleased with you.
You visited 4 branches of the dungeon, and saw 13 of its levels.

You collected 653 gold pieces.

Inventory:

Hand Weapons
 q - a +0 dagger of electrocution (weapon)
Armour
 a - a +0 robe
 s - a +1 hat (worn)
 u - a +0 cloak (worn)
 D - a +0 troll leather armour (worn)
Magical Staves
 n - a staff of death
 J - a staff of cold
Jewellery
 x - a ring of magical power (left claw)
 A - a ring of poison resistance (right claw)
Wands
 p - a wand of mindburst (13)
 r - a wand of flame (51)
 t - a wand of acid (24)
 w - a wand of charming (10)
 C - a wand of paralysis (8)
Scrolls
 c - 8 scrolls of identify {unknown}
 f - 3 scrolls of teleportation {unknown}
 g - 5 scrolls of blinking {unknown}
 h - a scroll of immolation {unknown}
 l - 4 scrolls of vulnerability {unknown}
 y - a scroll of holy word {unknown}
 z - a scroll of magic mapping {unknown}
 E - a scroll of enchant armour {unknown}
 F - a scroll of silence {unknown}
 G - a scroll of fear {unknown}
 I - a scroll of noise {unknown}
 K - a scroll of acquirement {unknown}
Potions
 b - 3 potions of mutation
 d - a potion of flight {unknown}
 e - 3 potions of curing {unknown}
 i - 2 potions of lignification {unknown}
 j - a potion of resistance {unknown}
 k - 3 potions of degeneration {unknown}
 m - 4 potions of heal wounds {unknown}
 o - 2 potions of haste {unknown}
 v - a potion of might {unknown}
 B - 2 potions of attraction {unknown}
 H - a potion of invisibility {unknown}


   Skills:
 + Level 8.1 Fighting
 + Level 5.7 Armour
 + Level 6.3 Dodging
 - Level 2.0 Stealth
 + Level 8.1 Spellcasting
 - Level 7.0 Conjurations
 + Level 5.4 Transmutations
 + Level 11.9 Air Magic


You had 9 spell levels left.
You knew the following spells:

 Your Spells              Type           Power      Damage    Failure   Level
a - Shock                 Conj/Air       100%       1d9       1%          1
b - Swiftness             Air            47%        N/A       1%          3
c - Static Discharge      Conj/Air       39%        N/A       1%          2
d - Storm Form            Tmut/Air       18%        N/A       97%         7
e - Airstrike             Air            23%        N/A       1%          4

Your spell library contained the following spells:

 Spells                   Type           Power      Damage    Failure   Level
 Fulminant Prism          Conj/Hex       9%         3d7       9%          4
 Foxfire                  Conj/Fire      72%        2x1d7     1%          1
 Wereblood                Tmut           25%        N/A       2%          2
 Conjure Flame            Conj/Fire      18%        6-21      2%          3
 Lightning Bolt           Conj/Air       19%        1d34      2%          5
 Flame Wave               Conj/Fire      18%        2d5       9%          4
 Inner Flame              Hex/Fire       6%         N/A       11%         3
 Summon Lightning Spire   Summ/Air       27%        N/A       12%         4
 Spider Form              Tmut/Pois      16%        N/A       14%         3
 Ensorcelled Hibernation  Hex/Ice        12%        N/A       21%         2
 Sublimation of Blood     Necr           6%         N/A       21%         2
 Maxwell's Capacitive Co  Air            23%        ∞         82%         8
 Summon Hydra             Summ           3%         N/A       100%        7


Dungeon Overview and Level Annotations

Branches:
Dungeon (10/15)            Temple (1/1) D:5            Lair (1/6) D:10
    Orc (1/2) D:9

Altars:
Ashenzari
Cheibriados
Dithmenos
Elyvilon
Gozag
Hepliaklqana
Kikubaaqudgha
Makhleb
Nemelex Xobeh
Okawaru
Qazlal
Ru
Sif Muna
Trog
Uskayaw
Vehumet
Wu Jian
Xom
Yredelemnul

Shops:
D:8 !   D:9 (

Portals:
Ice
Cave: Orc:1

Annotations:
D:10 2 transporters


Innate Abilities, Weirdness & Mutations

You have a beak for a mouth.
You have claws for feet.
Your magical nature lets you fly swiftly and evasively.
You have sharp fingernails.
You are dopey. (Int -2)


Message History

The polar bear bites you.
The polar bear claws you but does no damage.
The polar bear claws you. The cane toad stings you!!
You are poisoned.
The cane toad poisons you! The cane toad stings you.
The polar bear barely misses you. The polar bear claws you.
The polar bear claws you but does no damage.
There is a staircase back to the Dungeon, spattered with blood here.
You can't go down here!
Casting: Static Discharge (safe; 1% risk of failure)
Confirm with . or Enter, or press ? or * to list all spells.
You don't know that spell.
Unknown command.
Unknown command.
You feel very sick. The cane toad stings you!
* * * LOW HITPOINT WARNING * * *
The polar bear bites you.
* * * LOW HITPOINT WARNING * * *
The polar bear closely misses you.
The polar bear claws you but does no damage.
You fly upwards.
Welcome back to the Dungeon!
Level annotation: 2 transporters
* * * LOW HITPOINT WARNING * * *
You feel very sick.
There is a staircase to the Lair here.
Okay, then.
Unknown command.
Unknown command.
Unknown command.
You feel sick. The cane toad misses you.
You see here a water moccasin corpse.
You feel sick.
You feel sick.
You feel sick.
The cane toad stings you but does no damage.
It was a potion of mutation.
You feel extremely strange.
You feel stupid.
Your fingernails lengthen.
You feel sick. The cane toad stings you!
You die...

.##...≈.≈≈.≈.≈≈≈≈≈..# #.........
.##....≈≈≈≈≈.≈≈≈≈...# #.........
###....≈≈≈≈≈.≈≈≈....# #.....(...
#.....≈≈≈≈.≈≈.≈≈..# #.........
#.....≈≈≈≈.≈.≈≈≈..# #####.####
###..≈≈≈...≈.≈≈≈≈.# #####.#
#..≈≈≈.≈..≈≈≈≈≈≈# #.....#
#≈..≈...÷.≈≈≈≈≈≈####..####
#..≈≈.≈†>†≈F@≈≈≈...#..#
#####..≈≈≈....≈h≈≈≈≈##....#
......≈≈≈≈.≈.≈.÷≈≈≈≈#.....##
####....≈≈≈≈≈≈÷≈≈≈≈≈#.#....#
####....≈≈≈≈≈≈≈≈≈≈..#.#.##÷#
..>....≈≈.≈.≈≈≈≈≈.......##.#
...........†≈.≈.≈......###.######
####..≈....≈.≈.≈....#### #...#...
# #.......≈........# ###Y....


You could see a polar bear and a cane toad.

Vanquished Creatures
  A two-headed ogre (D:9)
  An orc high priest (Orc:1)
  A flayed ghost (D:10)
  6 trolls
  A polar bear (Orc:1)
  Prince Ribbit (D:5)
  A meliai zombie (D:10)
  2 vampires (D:10)
  A wraith (D:9)
  2 wyverns
  Eustachio (D:4)
  15 yaks
  A steam dragon (D:7)
  Menkaure (D:4)
  3 wargs (Orc:1)
  3 water moccasins
  An ice beast (D:7)
  A sky beast (D:7)
  2 orc warriors
  A necrophage (D:6)
  6 ogres
  5 wolves
  3 centaurs
  3 kobold brigands
  2 bullfrogs
  A wyvern zombie (D:7)
  2 scorpions
  A water moccasin zombie (D:5)
  5 killer bees (D:8)
  16 wights
  A howler monkey (D:10)
  An electric eel (D:10)
  2 centaur zombies (D:10)
  A bullfrog zombie (D:6)
  Crazy Yiuf (D:4)
  6 hounds
  6 orc priests
  2 jellies
  A bullfrog skeleton (D:5)
  Jessica (D:2)
  Ijyb (D:5)
  4 iguanas
  7 orc wizards
  A hound zombie (D:3)
  A hound skeleton (D:5)
  2 howler monkey zombies (D:9)
  4 gnolls (D:3)
  18 adders
  A white imp (D:5)
  A worm (D:4)
  3 dart slugs
  37 orcs
  6 bats
  5 endoplasms
  5 giant cockroaches
  7 goblins
  8 hobgoblins
  5 jackals
  A quokka (D:1)
  14 ball pythons
  5 frilled lizards
  16 kobolds
  6 rats
270 creatures vanquished.

Notes
Turn   | Place    | Note
-------+----------+-------------------------------------------
     0 | D:1      | Essalna the Tengu Air Elementalist began the quest for the
                  | Orb.
     0 | D:1      | Reached XP level 1. HP: 10/10 MP: 4/4
   294 | D:1      | You fall into a shaft and drop 1 floor!
   295 | D:2      | Noticed an orc wizard
   297 | D:2      | Noticed an orc priest
   323 | D:2      | Reached XP level 2. HP: 15/15 MP: 4/6
   631 | D:2      | Reached XP level 3. HP: 18/19 MP: 4/7
   699 | D:2      | Noticed Jessica
   707 | D:2      | Killed Jessica
   708 | D:2      | Reached XP level 4. HP: 24/24 MP: 3/9
   797 | D:2      | Reached skill level 5 in Air Magic
   801 | D:2      | Learned a level 3 spell: Swiftness
   804 | D:2      | Learned a level 2 spell: Static Discharge
  1761 | D:2      | Gained mutation: Your magical nature lets you fly swiftly
                  | and evasively. [Tengu growth]
  1761 | D:2      | Reached XP level 5. HP: 22/28 MP: 1/10
  1860 | D:2      | Reached skill level 1 in Fighting
  2658 | D:3      | Reached XP level 6. HP: 34/34 MP: 3/12
  3124 | D:3      | Reached skill level 6 in Air Magic
  3947 | D:4      | Noticed Menkaure
  3954 | D:4      | Killed Menkaure
  3955 | D:4      | Reached skill level 5 in Conjurations
  3955 | D:4      | Reached XP level 7. HP: 32/40 MP: 0/14
  3962 | D:5      | Entered Level 5 of the Dungeon
  4695 | D:4      | Noticed Eustachio
  4712 | D:4      | Killed Eustachio
  4713 | D:4      | Reached skill level 7 in Air Magic
  4876 | D:4      | Found a hazy altar of Hepliaklqana.
  4887 | D:4      | Found an iron altar of Okawaru.
  4895 | D:4      | Found a stormy altar of Qazlal.
  4955 | D:4      | Found a runed translucent door.
  4956 | D:4      | Noticed Crazy Yiuf
  5176 | D:4      | Killed Crazy Yiuf
  5177 | D:4      | Reached XP level 8. HP: 15/46 MP: 4/15
  5184 | D:4      | HP: 2/46 [poisoned by Crazy Yiuf]
  5853 | D:5      | Noticed Ijyb
  5860 | D:5      | Killed Ijyb
  6009 | D:5      | Found a staircase to the Ecumenical Temple.
  6019 | Temple   | Entered the Ecumenical Temple
  6081 | Temple   | Became a worshipper of Vehumet
  6202 | D:5      | Noticed Prince Ribbit
  6207 | D:5      | Killed Prince Ribbit
  6208 | D:5      | Reached skill level 5 in Spellcasting
  6490 | D:5      | Reached skill level 8 in Air Magic
  6595 | D:5      | Learned a level 7 spell: Storm Form
  7316 | D:6      | Reached skill level 1 in Transmutations
  7462 | D:6      | Reached XP level 9. HP: 53/53 MP: 18/18
  7972 | D:6      | Reached skill level 5 in Fighting
  7977 | D:6      | Learned a level 4 spell: Airstrike
  8634 | D:7      | Noticed a troll
  8639 | D:7      | Reached skill level 9 in Air Magic
  8998 | D:7      | Reached * piety under Vehumet
  8998 | D:7      | Offered knowledge of Sandblast by Vehumet.
  9120 | D:7      | Killed a troll
  9493 | D:7      | Reached skill level 1 in Armour
  9827 | D:8      | Found an ornate altar of the Wu Jian Council.
  9951 | D:8      | Reached XP level 10. HP: 43/60 MP: 20/20
 10196 | D:8      | Reached skill level 10 in Air Magic
 10302 | D:8      | Found Fuukkill's Distillery.
 10726 | D:9      | Offered knowledge of Scorch by Vehumet.
 10854 | D:9      | Reached ** piety under Vehumet
 11021 | D:9      | Found a staircase to the Orcish Mines.
 11042 | D:9      | Found Batsa's Antique Weapon Emporium.
 11251 | D:9      | Found a shadowy altar of Dithmenos.
 11284 | D:9      | Noticed a two-headed ogre
 11299 | D:9      | Killed a two-headed ogre
 11825 | D:10     | Entered Level 10 of the Dungeon
 11885 | D:10     | Noticed an eye of devastation
 11962 | D:10     | Found a transporter.
 11962 | D:10     | Noticed a great orb of eyes
 11963 | D:10     | Found a transporter.
 11982 | D:10     | Noticed a flayed ghost
 12187 | D:10     | Offered knowledge of Dazzling Flash by Vehumet.
 12188 | D:10     | Reached XP level 11. HP: 40/67 MP: 23/23
 12191 | D:10     | Reached skill level 5 in Dodging
 12191 | D:10     | Reached skill level 11 in Air Magic
 12399 | Orc:1    | Entered Level 1 of the Orcish Mines
 12571 | Orc:1    | Noticed an orc high priest
 12664 | Orc:1    | Killed an orc high priest
 12773 | Orc:1    | Found a frozen archway.
 12774 | Orc:1    | Noticed an ice dragon
 12777 | Orc:1    | Reached *** piety under Vehumet
 12782 | Orc:1    | Reached skill level 5 in Armour
 12797 | Orc:1    | Reached skill level 5 in Transmutations
 12959 | D:10     | Killed a flayed ghost
 13234 | D:10     | Found a bloodstained altar of Trog.
 13433 | D:10     | Found a staircase to the Lair.
 13626 | D:10     | Offered knowledge of Fulminant Prism by Vehumet.
 13716 | Lair:1   | Entered Level 1 of the Lair of Beasts
 13849 | D:10     | Gained mutation: You are dopey. (Int -2) [potion of
                  | mutation]
 13849 | D:10     | Gained mutation: You have sharp fingernails. [potion of
                  | mutation]
 13849 | D:10     | Mangled by a cane toad

Illustrated notes

Levels and vault maps discovered:
D:1:      dpeg_arrival_snail, layout_rooms
D:2:      cheibrodos_pilgrimage, layout_loops_ring, uniq_jessica
D:3:      layout_loops_ring, minmay_snake_closets
D:4:      layout_loops_ring, minmay_overflow_temple_star_quad, uniq_menkaure,
          uniq_crazy_yiuf_cottage, uniq_eustachio
D:5:      nicolae_cairo_tiling, layout_loops_corners, minmay_temple_entry_glass,
          serial_glass, glass_columns_a, glass_columns_a,
          hangedman_decor_opposing, st_stairs_9, uniq_ijyb, uniq_prince_ribbit1
D:6:      layout_loops_corners
D:7:      layout_rooms
D:8:      layout_basic, nzn_wu_jian_contemplation, serial_shops,
          kennysheep_mini_moat
D:9:      layout_loops_ring, mainiacjoe_overflow_cross_hatched, david_orc_2,
          serial_shops, shop_fountains
D:10:     gammafunk_jiyva_shrine, layout_rooms, mainiacjoe_overflow_alcove_2,
          erik_lair_island, kennysheep_island_fort
Temple:   nicolae_temple_elliptical
Lair:1:   beast_lair_carwin_large_4, layout_concentric_octagons, wad_woods_02
Orc:1:    layout_diamond_mine, basic_altar,
          portal_ice_cave_entry_animals_and_master

Skill      XL: |  1  2  3  4  5  6  7  8  9 10 11 |
---------------+----------------------------------+-----
Conjurations   | 2 3 4 5 7 |  7.0
Air Magic      | 5 6 7 8 9 10 11 | 11.9
Spellcasting   | 3 4 5 6 7 8 |  8.1
Fighting       | 1 2 3 4 6 7 8 |  8.1
Transmutations | 1 3 4 5 |  5.4
Armour         | 1 4 5 |  5.7
Dodging        | 3 4 6 |  6.3
Stealth        | |  2.0

Action                   |  1- 3 |  4- 6 |  7- 9 | 10-12 || total
-------------------------+-------+-------+-------+-------++-------
Melee: Unarmed           |     8 |     8 |     7 |       ||    23
       Kick              |       |     3 |    10 |     2 ||    15
       Peck              |       |     1 |    10 |     1 ||    12
       Dagger            |       |       |    27 |     7 ||    34
 Cast: Shock             |    28 |   170 |   249 |   174 ||   621
       Static Discharge  |       |     2 |    56 |   119 ||   177
       Airstrike         |       |       |     2 |    22 ||    24
  Use: Potion            |       |       |       |     1 ||     1
Armor: Robe              |     2 |     4 |    11 |       ||    17
       Troll leather arm |       |       |    15 |    35 ||    50
Dodge: Dodged            |     5 |    23 |    78 |   126 ||   232

Table legend: (Time is in decaauts)
 A = Elapsed time spent in this place.
 B = Non-inter-level travel time spent in this place.
 C = Inter-level travel time spent in this place.
 D = Time resting spent in this place.
 E = Time spent auto-exploring this place.
 F = Levels seen in this place.
 G = Mean time per level.
                   A        B        C        D        E       F      G
               +--------+--------+--------+--------+--------+-----+--------+
         Total |  13280 |  12818 |    462 |     92 |  10944 |  13 | 1021.5 |
       Dungeon |  12913 |  12511 |    402 |     92 |  10757 |  10 | 1291.3 |
        Temple |     89 |     54 |     35 |      0 |     44 |   1 |   89.0 |
          Lair |      8 |      8 |      0 |      0 |      0 |   1 |    8.0 |
  Orcish Mines |    269 |    244 |     25 |      0 |    143 |   1 |  269.0 |
               +--------+--------+--------+--------+--------+-----+--------+

Top non-repeatable levels by time:
     D:2: 1553 daAuts
     D:5: 1518 daAuts
     D:4: 1472 daAuts
    D:10: 1401 daAuts
     D:9: 1308 daAuts
     D:7: 1248 daAuts
     D:6: 1227 daAuts
     D:3: 1196 daAuts
     D:1: 1014 daAuts
     D:8: 971 daAuts
   Orc:1: 269 daAuts
  Temple: 89 daAuts
  Lair:1: 8 daAuts
